 Dungeon Crawl Stone Soup version 0.28-a0-384-g9e0c098162 (webtiles) character file.

Game seed: 5834955556347248278

131 SolCadguy the Sneak (level 4, -1/33 HPs)
             Began as a Vampire Brigand on Sept 3, 2021.
             Slain by a gnoll shaman (10 damage)
             ... on level 2 of the Dungeon.
             The game lasted 00:03:58 (1698 turns).

SolCadguy the Sneak (Vampire Brigand)               Turns: 1698, Time: 00:03:59

Health: -1/33      AC:  3    Str: 10    XL:     4   Next: 91%
Magic:  4/4        EV: 12    Int: 13    God:
Gold:   63         SH:  0    Dex: 16    Spells: 3/3 levels left

rFire   . . .      SeeInvis +   h - +1 dagger (venom)
rCold   . . .      Faith    .   (no shield)
rNeg    . . .      Spirit   .   b - +0 robe
rPois   .          Reflect  .   (no helmet)
rElec   .          Harm     .   c - +0 cloak
rCorr   .          Rampage  .   (no gloves)
Will    .....                   (no boots)
Stlth   +++.......              (no amulet)
HPRegen 0.31/turn               (no ring)
MPRegen 0.09/turn               (no ring)

@: healing quickly
A: alive, fangs 3, see invisible, vampiric 2
a: Exsanguinate


You were on level 2 of the Dungeon.
You visited 1 branch of the dungeon, and saw 2 of its levels.

You collected 63 gold pieces.

Inventory:

Hand Weapons
 a - a +2 dagger
 g - a +1 dagger of speed
 h - a +1 dagger of venom (weapon)
 k - a +0 falchion
Missiles
 d - 8 poisoned darts (quivered)
 e - 2 curare-tipped darts
Armour
 b - a +0 robe (worn)
 c - a +0 cloak (worn)
Scrolls
 f - a scroll of teleportation {unknown}
 j - a scroll of fear {unknown}
 l - 2 scrolls of identify {unknown}
 n - a scroll of amnesia {unknown}
Potions
 i - 2 potions of brilliance {unknown}
 m - a potion of berserk rage {unknown}


   Skills:
 - Level 1.7 Fighting
 + Level 5.5 Short Blades
 - Level 1.5 Throwing
 - Level 1.1 Dodging
 + Level 6.1 Stealth


You had 3 spell levels left.
You didn't know any spells.
Your spell library was empty.

Dungeon Overview and Level Annotations

Branches:
Dungeon (2/15)

Altars:

Shops:
D:1 [


Innate Abilities, Weirdness & Mutations

Your natural rate of healing is accelerated.
You have razor-sharp teeth.
You have supernaturally acute eyesight. (SInv)
You are afflicted with vampirism and can become a bat while bloodless.


Message History

n - a scroll labelled SAECLUUZIS A gnoll comes into view.
It is wielding a +0 flail.
The gnoll shouts!
You hear a shout!
The gnoll hits you with a +0 flail!
You barely miss the gnoll. You bite the gnoll.
The gnoll is moderately wounded.
The gnoll completely misses you.
You hit the gnoll.
The gnoll is heavily wounded.
You hit the gnoll.
The gnoll is poisoned.
The gnoll is heavily wounded.
A gnoll comes into view. It is wielding a +0 flail.
The gnoll barely misses you.
The gnoll shouts!
You hit the gnoll but do no damage.
The gnoll looks as sick as possible!
You bite the gnoll, but do no damage.
The gnoll is heavily wounded.
The gnoll barely misses you.
You hit the gnoll.
The gnoll looks as sick as possible!
The gnoll is severely wounded.
You kill the gnoll!
Your Stealth skill increases to level 6!
You completely miss the gnoll.
A gnoll comes into view. It is wielding a +0 flail.
The gnoll hits you with a +0 flail!
A gnoll shaman comes into view. It is wielding a +2 whip of holy wrath.
You hit the gnoll but do no damage.
The gnoll is poisoned.
You hit the gnoll.
The gnoll looks as sick as possible!
The gnoll is moderately wounded.
The gnoll hits you with a +0 flail.
You hit the gnoll.
The gnoll looks as sick as possible!
The gnoll is heavily wounded.
The gnoll misses you.
You hit the gnoll.
The gnoll looks as sick as possible!
The gnoll is severely wounded.
You kill the gnoll!
The gnoll shaman hits you with a +2 whip of holy wrath!
* * * LOW HITPOINT WARNING * * *
You convulse!
You die...

#.# #.# # #.# #.# # #.#
#.# # ### #.# #÷### ..#
##.## #)... #.# # ##...##
#)### #.# #.#####
##.#.#.###.... #.#
##.....######.##.##.##†###
#.#
#...)..gg@...........#....
#.#
#.####.######.##.##....#..
#(# #.# ##...#.#...#.. #.#
#.# #....##...#.# #.# #.#
#.#####.#.#.. #.######.
#.# #.# #.#.#.# #........
#.# #.# ......> #..#####.
#.# #.....## .....#
#...###


You could see a gnoll shaman and a gnoll.

Vanquished Creatures
  An orc priest (D:2)
  2 gnolls (D:2)
  2 adders (D:2)
  2 worms (D:2)
  3 dart slugs
  2 orcs (D:2)
  2 bats (D:1)
  6 endoplasms
  3 giant cockroaches
  2 goblins
  2 hobgoblins
  3 jackals (D:1)
  5 quokkas
  2 ball pythons (D:1)
  3 frilled lizards (D:1)
  5 kobolds
  6 rats
51 creatures vanquished.

Notes
Turn   | Place    | Note
-------+----------+-------------------------------------------
     0 | D:1      | SolCadguy the Vampire Brigand began the quest for the Orb.
     0 | D:1      | Reached XP level 1. HP: 16/16 MP: 1/1
    41 | D:1      | Found a faded altar of an unknown god.
    47 | D:1      | Found Jiazod's Antique Armour Shoppe.
   152 | D:1      | Reached XP level 2. HP: 22/22 MP: 2/2
   623 | D:1      | Gained mutation: You are afflicted with vampirism and can
                  | become a bat while bloodless. [Vampire growth]
   623 | D:1      | Reached XP level 3. HP: 24/27 MP: 3/3
  1083 | D:2      | Reached XP level 4. HP: 20/33 MP: 4/4
  1182 | D:2      | Reached skill level 5 in Short Blades
  1686 | D:2      | Reached skill level 6 in Stealth
  1698 | D:2      | Slain by a gnoll shaman

Illustrated notes

Levels and vault maps discovered:
D:1:      dpeg_arrival_rhombi, layout_basic, ebering_ecumenical_altar_webs,
          serial_shops, nicolae_shop_waterfront
D:2:      layout_loops_ring, minmay_pentomino_o4

Skill      XL: |  1  2  3  4 |
---------------+-------------+-----
Short Blades   | 3 4 5 |  5.5
Stealth        | 6 |  6.1
Fighting       | |  1.7
Throwing       | |  1.5
Dodging        | |  1.1

Action                   |  1- 3 |  4- 6 || total
-------------------------+-------+-------++-------
Melee: Dagger            |    92 |    56 ||   148
       Bite              |    10 |     6 ||    16
Throw: Dart              |       |     1 ||     1
 Stab: Sleeping          |    15 |     2 ||    17
Armor: Robe              |    17 |     7 ||    24
Dodge: Dodged            |    33 |    24 ||    57

Table legend: (Time is in decaauts)
 A = Elapsed time spent in this place.
 B = Non-inter-level travel time spent in this place.
 C = Inter-level travel time spent in this place.
 D = Time resting spent in this place.
 E = Time spent auto-exploring this place.
 F = Levels seen in this place.
 G = Mean time per level.
                   A        B        C        D        E       F      G
               +--------+--------+--------+--------+--------+-----+--------+
         Total |   1664 |   1564 |    100 |    237 |    937 |   2 |  832.0 |
       Dungeon |   1664 |   1564 |    100 |    237 |    937 |   2 |  832.0 |
               +--------+--------+--------+--------+--------+-----+--------+

Top non-repeatable levels by time:
     D:1: 953 daAuts
     D:2: 710 daAuts
